 Dungeon Crawl Stone Soup version 0.19.1 (webtiles) character file.

108250 truemonolith the Spry (level 17, -26/127 HPs)
             Began as a Halfling Berserker on Nov 26, 2016.
             Was the Champion of Trog.
             Annihilated by Agnes
             ... wielding a cursed +0 lajatang
              (28 damage)
             ... on level 1 of the Snake Pit.
             The game lasted 01:09:09 (23715 turns).

truemonolith the Spry (Halfling Berserker)         Turns: 23715, Time: 01:09:10

Health: -26/127    AC: 16    Str: 25    XL:     17   Next: 4%
Magic:  17/17      EV: 30    Int:  5    God:    Trog [******]
Gold:   1788       SH:  5    Dex: 21    Spells: 0 memorised, 16 levels left

rFire  x . .     SeeInvis .     F - +10 quick blade "Yfe Tyfu" {freeze, *Rage *Corrode rN+++ Str+7}
rCold  . . .     Gourm    .     Q - +2 leather armour "Tahes" {rElec rPois rF- Stlth+}
rNeg   + + +     Faith    +     z - +0 buckler
rPois  +         Spirit   .     (no helmet)
rElec  +         Reflect  .     v - +2 cloak
rCorr  .         Harm     .     j - +2 pair of gloves
MR     +....     Rnd*Rage +     E - +2 pair of boots of the Assassin {DetectMon Stab+ Stlth++}
Stlth  ++++++++++               J - amulet of faith
                                H - ring of stealth
                                l - +3 ring of protection

@: corroded
A: mutation resistance 1
a: Berserk, Trog's Hand, Brothers in Arms, Burn Spellbooks, Renounce Religion


You were on level 1 of the Snake Pit.
You worshipped Trog.
Trog was exalted by your worship.
You were hungry.

You visited 5 branches of the dungeon, and saw 24 of its levels.
You also visited: Ossuary.

You collected 2409 gold pieces.
You spent 621 gold pieces at shops.

Inventory:

Hand Weapons
 r - the +5 rapier of Conscience {elec, rN+ Int+2}
   (You found it on level 13 of the Dungeon)

   Occasionally, upon striking a foe, it will discharge some electrical energy
   and cause terrible harm.
   It affects your intelligence (+2).
   It protects you from negative energy.
 F - the +10 quick blade "Yfe Tyfu" (weapon) {freeze, *Rage *Corrode rN+++ Str+7}
   (You acquired it on level 6 of the Dungeon)

   It has been specially enchanted to freeze those struck by it, causing extra
   injury to most foes and up to half again as much damage against particularly
   susceptible opponents.
   It can also slow down cold-blooded creatures.
   It affects your strength (+7).
   It renders you almost immune to negative energy.
   It may make you go berserk in combat.
   It may corrode you when you take damage.
Armour
 f - the +5 ring mail of the Accordion {Dex+4}
   (You found it on level 5 of the Lair of Beasts)

   It affects your dexterity (+4).
 j - a +2 pair of gloves (worn)
 v - a +2 cloak (worn)
 z - a +0 buckler (worn)
 E - the +2 pair of boots of the Assassin (worn) {DetectMon Stab+ Stlth++}
   (You acquired it on level 6 of the Dungeon)

   It makes you much more stealthy.
 L - +0 mottled dragon scales
 Q - the +2 leather armour "Tahes" (worn) {rElec rPois rF- Stlth+}
   (You found it on level 1 of the Snake Pit)

   It makes you vulnerable to fire.
   It insulates you from electricity.
   It protects you from poison.
   It makes you more stealthy.
Jewellery
 b - an uncursed ring of protection from magic
 e - an uncursed amulet of regeneration
 l - a +3 ring of protection (left hand)
 t - a +3 ring of strength
 A - an uncursed amulet of magic regeneration
 H - a ring of stealth (right hand)
 I - an uncursed ring of see invisible
 J - an amulet of faith (around neck)
Wands
 O - a wand of polymorph (10/24)
 R - a wand of hasting (4/9)
Scrolls
 d - a scroll of enchant armour
 h - 9 scrolls of remove curse
 i - a scroll of torment
 u - 7 scrolls of recharging
 x - 5 scrolls of teleportation
 y - 2 scrolls of fear
 K - 5 scrolls of enchant weapon
 M - 3 scrolls of fog
 P - 10 scrolls of identify
Potions
 a - a potion of mutation {unknown}
 g - a potion of invisibility {unknown}
 k - 6 potions of brilliance
 m - 7 potions of curing
 n - 2 potions of berserk rage
 s - a potion of cancellation {unknown}
 w - a potion of haste
 C - a potion of cure mutation {unknown}
 D - 6 potions of might
 G - 3 potions of flight
 N - a potion of agility
Comestibles
 c - 6 bread rations
 o - 14 royal jellies
 q - 8 meat rations
 B - 3 beef jerkies


   Skills:
 + Level 15.1 Fighting
 - Level 9.3 Short Blades
 - Level 12.8 Armour
 - Level 16.9 Dodging
 - Level 16.6 Stealth


You had 16 spell levels left.
You didn't know any spells.

Dungeon Overview and Level Annotations

Branches:
Dungeon (14/15)            Temple (0/1) D:6            Lair (6/6) D:9
 Shoals (1/4) Lair:3        Snake (1/4) Lair:4        Slime (0/5) Lair:6
    Orc (2/2) D:10            Elf (0/3) Orc:2        Vaults (0/5) D:13

Altars:
Ashenzari
Cheibriados
Gozag
Makhleb
Sif Muna
Trog

Shops:
D:8 [!=   D:10 =   D:12 =*(:   Orc:2 [[%(   Snake:1 *

Portals:
Hell: Lair:6

Annotations:
Snake:1 Agnes


Innate Abilities, Weirdness & Mutations

You are small and have problems with some larger weapons.
You are somewhat resistant to further mutation.


Message History

* * * LOW HITPOINT WARNING * * *
The shock serpent shocks you. You resist.
* * * LOW HITPOINT WARNING * * *
The salamander misses you. The anaconda completely misses you.
You block the anaconda's attack.
The naga sharpshooter completely misses you.
The black mamba misses you.
The naga sharpshooter gestures wildly while chanting.
The naga sharpshooter magically shoots an arrow.
The arrow hits you!
* * * LOW HITPOINT WARNING * * *
Unknown command.
As you read the scroll of fear, it crumbles to dust.
You assume a fearsome visage.
The black mamba looks frightened!
The shock serpent resists with some effort.
Agnes resists with some effort.
The naga warrior looks frightened!
The naga sharpshooter looks frightened!
The salamander looks frightened!
The naga sharpshooter resists with almost no effort. x2
The anaconda looks frightened!
Agnes hits you with a lajatang!!
You die...

####.......###.......###...
#...#.....#...#..S..#...#..
$....#...#.....#...#.....#.
.......###...S...###.......#
#.....#...#.....#...#..N..#
##...#.....#...#.... #.N.#.
####...†...###.......##
...#.....#S..#...NN#
.....#...#@SNN.#..%#.
......###NiSN.N.### .....#
..#.%...#..
#...#.....#.).#... .###....
. ###.... ##..... #... ##.
.# #.. ..... #### ## . ....
###..


You could see a naga warrior (fleeing), Agnes, 3 naga sharpshooters, a
salamander (fleeing), an anaconda (fleeing), a shock serpent and a black mamba
(fleeing).

Vanquished Creatures
  Rupert (D:12)
  An orc warlord (Orc:1)
  2 dire elephants (Lair:6)
  Harold (Orc:1)
  A hell beast (Lair:6)
  9 hydras
  An ice dragon (Lair:6)
  2 anacondas (Snake:1)
  A catoblepas (Lair:6)
  2 naga warriors (Snake:1)
  Erica (D:8)
  An ogre mage (D:13)
  A death knight (D:13)
  The ghost of hadoken the Carver, a journeyman VSBe of Trog (Lair:2)
  3 orc high priests (Orc:2)
  An unseen horror (D:11)
  A sea snake (Shoals:1)
  2 wizards
  3 skeletal warriors (D:14)
  9 harpies (Shoals:1)
  7 hill giants
  A naga ritualist (Snake:1)
  5 orc knights
  A necromancer (D:13)
  A phantasmal warrior (D:13)
  An orb spider (shapeshifter) (D:14)
  A deep elf mage (D:12)
  2 mana vipers (Snake:1)
  7 ugly things
  5 cyclopes
  7 fauns (Shoals:1)
  5 orc sorcerers
  2 salamanders
  4 elephants (Lair:5)
  A manticore (Shoals:1)
  2 sirens (Shoals:1)
  An eye of devastation (Lair:6)
  10 black mambas
  A gargoyle (D:11)
  2 torpor snails (Lair:6)
  10 spiny frogs
  2 naga magi (Snake:1)
  3 kobold demonologists
  2 orange demons (Lair:6)
  2 freezing wraiths (D:13)
  4 rime drakes
  6 ice devils (Lair:6)
  7 komodo dragons
  A red devil (Lair:6)
  A hellwing (Lair:6)
  4 trolls
  4 two-headed ogres
  6 meliai
  A wind drake (Shoals:1)
  2 hornets
  4 polar bears
  A queen bee (D:12)
  15 merfolk (Shoals:1)
  11 dream sheep
  13 hippogriffs
  5 snapping turtles (Shoals:1)
  11 blink frogs
  3 vampires
  4 wyverns
  49 yaks
  A tarantella (shapeshifter) (D:14)
  A basilisk (Lair:6)
  A human (D:10)
  4 hogs (D:10)
  3 hungry ghosts
  A mottled dragon (D:14)
  4 vampire mosquitoes (D:13)
  A naga (Snake:1)
  5 wargs
  The ghost of TotoDurand the Skirmisher, an amateur VSFi of Okawaru (Ossuary)
  11 water moccasins
  7 porcupines
  Duvessa (D:7)
  3 black bears
  28 orc warriors
  2 hornet zombies
  2 sky beasts
  4 necrophages
  3 ice beasts
  2 eyes of draining
  15 ogres
  3 phantoms
  26 wolves
  13 centaurs
  13 crocodiles
  5 big kobolds
  10 bullfrogs
  Dowan (D:7)
  2 wyvern zombies
  3 scorpions
  36 killer bees
  9 wights
  An electric eel (Lair:5)
  A vampire bat (D:5)
  4 crimson imps
  4 bullfrog zombies
  A jelly (D:10)
  5 centaur zombies
  9 hounds
  21 orc wizards
  13 orc priests
  2 iguanas
  2 centaur skeletons (D:12)
  11 worker ants
  2 big kobold zombies (Ossuary)
  A hound zombie (D:5)
  4 mummies (Ossuary)
  8 gnolls
  13 adders
  4 shadow imps
  2 white imps (Lair:6)
  An ooze (D:5)
  3 adder skeletons
  2 adder zombies
  2 worms
  2 dart slugs
  3 fire bats (D:5)
  2 leopard geckos
  59 orcs
  2 spectral bats (D:5)
  3 ball pythons
  3 bat skeletons (D:5)
  A bat zombie (D:5)
  3 giant cockroaches (D:1)
  8 goblins
  6 hobgoblins
  3 quokkas
  16 bats
  A bat simulacrum (D:5)
  4 frilled lizards
  A gnoll zombie (Ossuary)
  2 goblin zombies (Ossuary)
  2 hobgoblin zombies (Ossuary)
  A jackal skeleton (D:8)
  A jackal zombie (Ossuary)
  21 kobolds
  A kobold zombie (Ossuary)
  A leopard gecko skeleton (D:6)
  An orc zombie (Ossuary)
  A quokka skeleton (D:6)
  A quokka zombie (D:6)
  8 rats
  A rat zombie (Ossuary)
  A fungus (D:9)
777 creatures vanquished.

Vanquished Creatures (others)
  A yak (Lair:6)
  A hound (D:5)
  A gnoll (D:3)
  2 worms
  A leopard gecko (D:2)
  An orc (D:5)
  A hobgoblin (D:1)
  11 fungi
  13 plants
32 creatures vanquished.

Grand Total: 809 creatures vanquished

Notes
Turn   | Place    | Note
-------+----------+-------------------------------------------
     0 | D:1      | truemonolith the Halfling Berserker began the quest for the Orb.
     0 | D:1      | Reached XP level 1. HP: 15/15 MP: 1/1
   259 | D:1      | Reached XP level 2. HP: 20/20 MP: 2/2
   737 | D:2      | Reached XP level 3. HP: 19/25 MP: 3/3
  1018 | D:2      | Reached skill level 5 in Short Blades
  1221 | D:2      | Reached XP level 4. HP: 11/30 MP: 4/4
  1362 | D:2      | Reached ** piety under Trog
  2048 | D:3      | Reached XP level 5. HP: 35/35 MP: 5/5
  2680 | D:3      | Reached XP level 6. HP: 41/41 MP: 6/6
  3104 | D:4      | Noticed an ogre
  3132 | D:4      | Killed an ogre
  3155 | D:4      | Reached XP level 7. HP: 31/45 MP: 7/7
  3512 | D:5      | Entered Level 5 of the Dungeon
  3578 | D:5      | Reached *** piety under Trog
  3578 | D:5      | Reached skill level 5 in Armour
  3578 | D:5      | Reached XP level 8. HP: 49/51 MP: 8/8
  4440 | D:6      | Identified 2 scrolls of acquirement
  4443 | D:6      | Got a crystal quick blade
  4444 | D:6      | Identified the +10 quick blade "Yfe Tyfu" {freeze, *Rage *Corrode rN+++ Str+7} (You acquired it on level 6 of the Dungeon)
  4467 | D:6      | Reached XP level 9. HP: 55/55 MP: 9/9
  4542 | D:6      | Reached **** piety under Trog
  4723 | D:6      | Found a staircase to the Ecumenical Temple.
  4818 | D:6      | Found a sand-covered staircase.
  4828 | D:6      | Reached skill level 10 in Armour
  5293 | D:7      | Noticed Dowan
  5295 | D:7      | Noticed Duvessa
  5304 | D:7      | Killed Duvessa
  5308 | D:7      | Killed Dowan
  5845 | D:7      | Reached skill level 5 in Fighting
  6013 | D:8      | Found Taigafum's Antique Armour Emporium.
  6022 | D:8      | Bought an ichor-stained scale mail for 243 gold pieces
  6032 | D:8      | Identified the +1 scale mail of Xazaiwk {MR+} (You bought it in a shop on level 8 of the Dungeon)
  6040 | D:8      | Found Diqomol's Distillery.
  6064 | D:8      | Noticed a hornet
  6074 | D:8      | Killed a hornet
  6074 | D:8      | Reached XP level 10. HP: 69/69 MP: 10/10
  6102 | D:8      | Found Wylall's Jewellery Shoppe.
  6203 | D:8      | Found a sand-covered staircase.
  6208 | Ossuary  | Entered an ossuary
  6213 | Ossuary  | Noticed TotoDurand's ghost (amateur VSFi)
  6239 | Ossuary  | Killed TotoDurand's ghost
  6444 | D:8      | Reached ***** piety under Trog
  6514 | D:8      | You fall through a shaft for 3 floors!
  6767 | D:10     | Entered Level 10 of the Dungeon
  6791 | D:10     | Found a staircase to the Orcish Mines.
  7080 | D:8      | Noticed Erica
  7093 | D:8      | Killed Erica
  7093 | D:8      | Reached skill level 10 in Fighting
  7093 | D:8      | Reached XP level 11. HP: 81/81 MP: 11/11
  7240 | D:9      | Found a staircase to the Lair.
  7729 | D:10     | Got a coiled marble ring
  7733 | D:10     | Identified the ring "Goginnei" {rN+ Dex+3} (You found it on level 10 of the Dungeon)
  7926 | D:10     | Reached skill level 5 in Dodging
  8133 | D:10     | Found Ajuuvogask's Jewellery Shoppe.
  8204 | D:10     | Noticed a hill giant
  8214 | D:10     | Killed a hill giant
  8330 | D:10     | Noticed a hill giant
  8345 | D:10     | Killed a hill giant
  8638 | D:11     | Killed an unseen horror
  8889 | D:11     | Noticed a seven-headed hydra
  8899 | D:11     | Killed a seven-headed hydra
  8899 | D:11     | Reached skill level 10 in Dodging
  8899 | D:11     | Reached XP level 12. HP: 83/89 MP: 12/12
  9083 | D:12     | Noticed Rupert
  9097 | D:12     | Killed Rupert
  9192 | Lair:1   | Entered Level 1 of the Lair of Beasts
  9367 | Lair:1   | Noticed a five-headed hydra
  9378 | Lair:1   | Killed a five-headed hydra
 10251 | Lair:2   | Reached XP level 13. HP: 93/93 MP: 13/13
 10363 | Lair:2   | Noticed hadoken's ghost (journeyman VSBe)
 10377 | Lair:2   | Killed hadoken's ghost
 10778 | Lair:3   | Found a staircase to the Shoals.
 10848 | Lair:3   | Reached ****** piety under Trog
 10848 | Lair:3   | Received a gift from Trog
 10869 | Lair:3   | Reached skill level 5 in Stealth
 11138 | Lair:3   | Noticed a four-headed hydra
 11147 | Lair:3   | Killed a four-headed hydra
 11577 | Lair:3   | Reached skill level 10 in Stealth
 11956 | Lair:4   | Found a frozen archway.
 12180 | Lair:4   | Found a staircase to the Snake Pit.
 12351 | Lair:4   | Noticed a seven-headed hydra
 12359 | Lair:4   | Killed a seven-headed hydra
 13066 | Lair:5   | Noticed a four-headed hydra
 13079 | Lair:5   | Killed a four-headed hydra
 13079 | Lair:5   | Reached skill level 15 in Stealth
 13094 | Lair:5   | Got a tiger eye-encrusted ring mail
 13095 | Lair:5   | Identified the +5 ring mail of the Accordion {Dex+4} (You found it on level 5 of the Lair of Beasts)
 13225 | Lair:5   | You fall through a shaft!
 13225 | Lair:6   | Entered Level 6 of the Lair of Beasts
 13225 | Lair:6   | Found a staircase to the Slime Pits.
 13377 | Lair:6   | Noticed a five-headed hydra
 13389 | Lair:6   | Killed a five-headed hydra
 13409 | Lair:6   | Reached XP level 14. HP: 83/99 MP: 14/14
 13804 | Lair:5   | Received a gift from Trog
 14240 | Lair:6   | Noticed a dire elephant
 14289 | Lair:6   | Killed a dire elephant
 14289 | Lair:6   | Reached skill level 15 in Dodging
 14774 | Lair:6   | Found a burning altar of Makhleb.
 14900 | Lair:6   | Found a gateway to Hell.
 15168 | Lair:6   | Noticed a dire elephant
 15200 | Lair:6   | Killed a dire elephant
 15205 | Lair:6   | Reached XP level 15. HP: 105/105 MP: 15/15
 15421 | Lair:6   | Received a gift from Trog
 16596 | D:12     | Found Senefios's Assorted Antiques.
 16628 | D:12     | Found a snail-covered altar of Cheibriados.
 16690 | D:12     | Found Teulilal's Book Shoppe.
 16788 | D:12     | Found Koviecum's Antique Weapon Shop.
 16853 | D:12     | Found Jilack's Jewellery Emporium.
 17164 | D:12     | Received a gift from Trog
 17327 | D:13     | Found an opulent altar of Gozag.
 17501 | D:13     | Found a snail-covered altar of Cheibriados.
 17609 | D:13     | Got a translucent rapier
 17610 | D:13     | Identified the +5 rapier of Conscience {elec, rN+ Int+2} (You found it on level 13 of the Dungeon)
 17726 | Orc:1    | Entered Level 1 of the Orcish Mines
 17733 | Orc:1    | Noticed Harold
 17760 | Orc:1    | Killed Harold
 17857 | Orc:1    | Received a gift from Trog
 17908 | Orc:1    | Noticed an orc warlord
 17933 | Orc:1    | Killed an orc warlord
 18214 | Orc:2    | Entered Level 2 of the Orcish Mines
 18256 | Orc:2    | Found a staircase to the Elven Halls.
 18390 | Orc:2    | Found Otygocw's Armour Shop.
 18873 | Orc:2    | Found a bloodstained altar of Trog.
 19072 | Orc:2    | Received a gift from Trog
 19265 | Orc:2    | Found Eklidghao's Weapon Shop.
 19283 | Orc:2    | Found Ciarph's Antique Armour Shoppe.
 19355 | Orc:2    | Found Gadghil's Food Shoppe.
 19395 | Orc:2    | Bought a pair of embroidered gloves for 378 gold pieces
 19552 | D:13     | Reached XP level 16. HP: 118/118 MP: 16/16
 20006 | D:13     | Found a gate to the Vaults.
 20605 | D:14     | Received a gift from Trog
 20684 | D:14     | Found a deep blue altar of Sif Muna.
 20847 | D:14     | Found a shattered altar of Ashenzari.
 21434 | Shoals:1 | Entered Level 1 of the Shoals
 22986 | Snake:1  | Entered Level 1 of the Snake Pit
 22986 | Snake:1  | Found Soatopo's Assorted Antiques.
 23537 | Snake:1  | Got an encrusted leather armour
 23589 | Snake:1  | Identified the +2 leather armour "Tahes" {rElec rPois rF- Stlth+} (You found it on level 1 of the Snake Pit)
 23633 | Snake:1  | Received a gift from Trog
 23633 | Snake:1  | Reached skill level 15 in Fighting
 23656 | Snake:1  | Reached XP level 17. HP: 127/127 MP: 17/17
 23693 | Snake:1  | Noticed Agnes
 23714 | Snake:1  | HP: 1/127 [naga sharpshooter/arrow (17)]
 23715 | Snake:1  | Annihilated by Agnes

Skill      XL: |  1  2  3  4  5  6  7  8  9 10 11 12 13 14 15 16 |
---------------+-------------------------------------------------+-----
Short Blades   | 4 5 6 7 8 9 |  9.3
Armour         | 5 8 10 12 | 12.8
Fighting       | 6 10 13 15 | 15.1
Dodging        | 10 13 14 16 | 16.9
Stealth        | 15 16 | 16.6

Action                   |  1- 3 |  4- 6 |  7- 9 | 10-12 | 13-15 | 16-18 || total
-------------------------+-------+-------+-------+-------+-------+-------++-------
Melee: Short sword       |    16 |       |       |       |       |       ||    16
       Dagger            |    67 |   159 |    77 |       |       |       ||   303
       Rapier            |       |       |   121 |       |       |       ||   121
       Quick blade       |       |       |   104 |   600 |  1584 |   706 ||  2994
Invok: Berserk           |     1 |     2 |       |     1 |     1 |       ||     5
       Trog's Hand       |       |     1 |       |       |       |       ||     1
  Use: Scroll            |       |     8 |     8 |     4 |    10 |    11 ||    41
       Potion            |       |     2 |       |       |    10 |     4 ||    16
 Stab: Sleeping          |     1 |       |       |     3 |    30 |    14 ||    48
       Distracted        |       |       |       |     1 |     3 |     3 ||     7
  Eat: Chunk             |       |     3 |     2 |     1 |     4 |       ||    10
       Bread ration      |       |     1 |     2 |     1 |     1 |     1 ||     6
       Meat ration       |       |     1 |       |     2 |       |       ||     3
       Fruit             |       |       |       |       |    10 |       ||    10
       Pizza             |       |       |       |       |     9 |     2 ||    11
       Beef jerky        |       |       |       |       |       |     2 ||     2
       Royal jelly       |       |       |       |       |       |     1 ||     1
Armor: Animal skin       |     2 |       |       |       |       |       ||     2
       Chain mail        |    30 |    83 |   136 |       |       |       ||   249
       Scale mail        |       |       |     6 |   127 |    31 |       ||   164
       Ring mail         |       |       |       |       |   109 |    98 ||   207
       Leather armour    |       |       |       |       |       |     4 ||     4
Dodge: Dodged            |    37 |    69 |   161 |   260 |   781 |   660 ||  1968
Block: Buckler           |       |       |       |    50 |   205 |   162 ||   417
